 Dungeon Crawl Stone Soup version 0.31-a0-263-ge8cad7f256 (webtiles) character file.

Game seed: 5653811574582183449

421 qw the Shooter (level 6, 0/52 HPs)
             Began as a Minotaur Hexslinger on July 13, 2023.
             Slain by a gnoll
             ... wielding a +0 flail
             ... led by a gnoll bouda
              (7 damage)
             ... on level 4 of the Dungeon.
             The game lasted 00:01:26 (2944 turns).

qw the Shooter (Minotaur Hexslinger)                Turns: 2944, Time: 00:01:27

Health: 0/52       AC:  5    Str: 12    XL:     6   Next: 62%
Magic:  6/6        EV: 11    Int: 10    God:
Gold:   139        SH:  0    Dex: 15    Spells: 6/7 levels left

rFire   . . .        Y - +1 sling
rCold   . . .        (no shield)
rNeg    . . .        i - +0 ring mail
rPois   .            (helmet restricted)
rElec   .            (no cloak)
rCorr   .            (no gloves)
SInv    .            (no boots)
Will    +....        b - amulet of regeneration
Stlth   +            k - ring of willpower
HPRegen 1.08/turn    (no ring)
MPRegen 0.10/turn

%: no passive effects
@: no status effects
A: horns 2, retaliatory headbutt
a: no special abilities


You were on level 4 of the Dungeon.
You visited 1 branch of the dungeon, and saw 4 of its levels.

You collected 139 gold pieces.


Innate Abilities, Weirdness & Mutations

You have a pair of horns on your head.
You reflexively headbutt those who attack you in melee.


   Skills:
 - Level 4.1 Fighting
 + Level 6.8 Ranged Weapons
 - Level 1.1 Armour
 - Level 2.1 Dodging
 - Level 1.0 Spellcasting
 - Level 2.0 Hexes


You had 6 spell levels left.
You knew the following spells:

 Your Spells              Type           Power      Damage    Failure   Level
a - Slow                  Hex            16%        N/A       34%         1

Your spell library contained the following spells:

 Spells                   Type           Power      Damage    Failure   Level
 Inner Flame              Hex/Fire       2%         N/A       83%         3
 Portal Projectile        Hex/Tloc       4%         N/A       83%         3
 Cause Fear               Hex            2%         N/A       98%         4

Inventory:

Hand Weapons
 Y - a +1 sling (weapon)
Armour
 c - a +0 pair of boots
 i - a +0 ring mail (worn)
Jewellery
 b - an amulet of regeneration (around neck)
 k - a ring of willpower (left hand)
Scrolls
 a - a scroll of identify
Potions
 e - a potion of curing
 f - a potion of might
 g - a potion of cancellation
 h - a potion of enlightenment
 j - a potion of attraction {unknown}

Dungeon Overview and Level Annotations

Branches:
Dungeon (4/15)
 Temple: D:4-7

Altars:


Message History

You kill the gnoll!
The gnoll hits you from afar with a +0 spear. x2
You shoot a sling bullet. The sling bullet hits the gnoll bouda.
The gnoll bouda is lightly wounded.
The gnoll hits you but does no damage.
You shoot a sling bullet. The sling bullet hits the gnoll bouda!
The gnoll bouda is heavily wounded.
The gnoll hits you with a +0 flail.
The gnoll hits you from afar with a +0 spear.
The gnoll bouda hits you with a +0 club!
You shoot a sling bullet.
The sling bullet hits the gnoll bouda but does no damage.
The gnoll bouda is heavily wounded.
The gnoll barely misses you.
The gnoll bouda hits you with a +0 club.
The gnoll barely misses you.
You shoot a sling bullet. The sling bullet hits the gnoll bouda.
The gnoll bouda is severely wounded.
The gnoll hits you from afar with a +0 spear.
The ball python misses you. You furiously retaliate!
You headbutt the ball python. The ball python barely misses you.
The gnoll bouda hits you with a +0 club.
The gnoll hits you with a +0 flail.
You shoot a sling bullet. The sling bullet hits the gnoll bouda.
The gnoll bouda is severely wounded.
The ball python barely misses you. x2
The gnoll hits you from afar with a +0 spear!
The gnoll bouda mumbles some strange prayers to its god.
The gnoll bouda is healed somewhat.
The gnoll misses you.
The ball python bites you but does no damage.
The ball python closely misses you.
The gnoll hits you from afar with a +0 spear!
You shoot a sling bullet. The sling bullet hits the gnoll bouda.
The gnoll bouda is heavily wounded.
The gnoll is no longer moving quickly.
The gnoll bouda barks out a call to the hunt!
The gnoll picks up the pace!
The ball python bites you. The ball python misses you.
The gnoll hits you with a +0 flail!
You die...

#.....##....##..##
#.....########....
#.....+........... #
#.....##....##..## #.
#.....##.... #..## #..
#.....##....##.... #...
#.................
#...g#g................
#...gS@..........##..##
#....#g....####+# ##.##
#... #.....# #... #..
#.....# #... #. ##+##.+
#... # .# #.#. .# #.#.
###.#. #.....


You could see a gnoll bouda, 3 gnolls and a ball python.

Vanquished Creatures
  Sigmund (D:3)
  An orc priest (D:3)
  Jessica (D:2)
  Ijyb (D:2)
  2 gnolls
  2 adders (D:2)
  A white imp (D:3)
  3 worms (D:2)
  3 dart slugs
  6 orcs
  8 endoplasms
  14 giant cockroaches
  5 hobgoblins
  2 jackals (D:2)
  8 kobolds
  5 quokkas
  11 ball pythons
  6 bats
  4 frilled lizards
  14 goblins
  2 rats
100 creatures vanquished.

Notes
Turn   | Place    | Note
-------+----------+-------------------------------------------
     0 | D:1      | qw the Minotaur Hexslinger began the quest for the Orb.
     0 | D:1      | Reached XP level 1. HP: 16/16 MP: 1/1
     0 | D:1      | 0 ||| qw: Version: 0.3-a-52-g30416fa
     0 | D:1      | 0 ||| qw: Game counter: 7141
     0 | D:1      | 0 ||| qw: Melee chars always use a shield: true
     0 | D:1      | 0 ||| qw: God list: Okawaru
     0 | D:1      | 0 ||| qw: Allow faded altars: false
     0 | D:1      | 0 ||| qw: Do Orc after clearing Dungeon:15 true
     0 | D:1      | 0 ||| qw: Do second Lair branch before Depths: true
     0 | D:1      | 0 ||| qw: Lair rune preference: random
     0 | D:1      | 0 ||| qw: Goals: Normal
     0 | D:1      | 0 ||| PLANNING D:1-11
   137 | D:1      | Reached skill level 3 in Ranged Weapons
   163 | D:1      | Reached XP level 2. HP: 23/23 MP: 2/2
   266 | D:1      | 266 ||| FLEEEEING.
   267 | D:1      | 267 ||| FLEEEEING.
   268 | D:1      | 268 ||| FLEEEEING.
   453 | D:1      | Reached XP level 3. HP: 29/29 MP: 3/3
   615 | D:1      | Found a faded altar of an unknown god.
   861 | D:1      | 861 ||| UPGRADING to +0 ring mail.
   871 | D:1      | 871 ||| DROPPING +0 robe.
   872 | D:1      | 872 ||| UPGRADING to ring of willpower.
   873 | D:1      | 873 ||| READING 3 scrolls labelled HARGHE VIOLLEGH.
   874 | D:1      | 874 ||| READING 2 scrolls labelled BAT GUAJ QINE.
   879 | D:1      | 879 ||| READING scroll labelled IRUQ LILERPHU.
   880 | D:1      | 880 ||| READING 2 scrolls of identify.
   880 | D:1      | 880 ||| IDENTIFYING clear potion
   881 | D:1      | 881 ||| DROPPING scroll of poison.
   980 | D:2      | Reached skill level 4 in Ranged Weapons
  1048 | D:2      | Reached skill level 1 in Armour
  1327 | D:2      | Reached XP level 4. HP: 24/36 MP: 4/4
  1405 | D:2      | Noticed Jessica
  1413 | D:2      | Killed Jessica
  1479 | D:2      | 1479 ||| FLEEEEING.
  1480 | D:2      | 1480 ||| FLEEEEING.
  1481 | D:2      | 1481 ||| STAIRDANCE
  1502 | D:1      | 1502 ||| UPGRADING to amulet of regeneration.
  1507 | D:1      | 1507 ||| DRINKING 2 blue potions.
  1508 | D:1      | 1508 ||| READING 2 scrolls of identify.
  1508 | D:1      | 1508 ||| IDENTIFYING gluggy blue potion
  1525 | D:2      | Reached skill level 5 in Ranged Weapons
  1663 | D:2      | 1663 ||| FLEEEEING.
  1777 | D:2      | Noticed Ijyb
  1800 | D:2      | HP: 8/37 [Ijyb/+0 club (5)]
  1801 | D:2      | 1801 ||| READING scroll of teleportation.
  1937 | D:2      | Killed Ijyb
  1938 | D:2      | Reached skill level 3 in Fighting
  1938 | D:2      | Reached XP level 5. HP: 22/45 MP: 5/5
  1996 | D:2      | 1996 ||| DRINKING 2 fuming silvery potions.
  2243 | D:3      | Noticed Sigmund
  2244 | D:3      | 2244 ||| DRINKING potion of curing.
  2244 | D:3      | 2244 ||| (to cure confusion)
  2264 | D:3      | HP: 10/45 [something (5)]
  2265 | D:3      | Killed Sigmund
  2266 | D:3      | Reached skill level 6 in Ranged Weapons
  2266 | D:3      | Reached XP level 6. HP: 13/51 MP: 6/6
  2712 | D:3      | 2712 ||| DROPPING amulet of guardian spirit.
  2713 | D:3      | 2713 ||| READING 2 scrolls of identify.
  2713 | D:3      | 2713 ||| IDENTIFYING bubbling ruby potion
  2714 | D:3      | 2714 ||| DROPPING potion of degeneration.
  2742 | D:4      | 2742 ||| STAIRDANCE
  2943 | D:4      | HP: 8/52 [gnoll/+0 spear[a gnoll bouda] (7)]
  2944 | D:4      | Slain by a gnoll

Levels and vault maps discovered:
D:1:      onia_arrival_handbag, layout_basic, shapermc_ecumenical_altar_venn,
          minmay_octomino_c4
D:2:      kennysheep_the_goblin_king, layout_loops_ring, minivault_5,
          uniq_jessica
D:3:      minmay_roachtagon, layout_basic, minmay_misc_feat_tiny,
          kennysheep_generic_room_13, uniq_sigmund
D:4:      layout_gridville, temple_green, palyth_stone_intersect, minivault_1

Skill      XL: |  1  2  3  4  5  6 |
---------------+-------------------+-----
Ranged Weapons | 3 4 5 6 |  6.8
Fighting       | 2 3 4 |  4.1
Armour         | 1 |  1.1
Dodging        | |  2.1
Spellcasting   | |  1.0
Hexes          | |  2.0

Action                     |  1- 3 |  4- 6 || total
---------------------------+-------+-------++-------
   Fire: Sling             |   141 |   229 ||   370
    Use: Scroll            |     4 |     3 ||     7
         Potion            |       |     3 ||     3
 Armour: Robe              |     8 |       ||     8
         Ring mail         |     7 |    66 ||    73
  Dodge: Dodged            |    31 |    94 ||   125

Table legend:
 A = Non-vault XP
 B = Vault XP
 C = Vault XP percentage of total XP
 D = Non-vault monster count
 E = Vault monster count
 F = Vault count percentage of total count
                 A         B        C        D         E       F
            +---------+---------+-------+---------+---------+-------
      Total |     221 |     381 |  63.3 |      67 |      33 |  33.0
            +---------+---------+-------+---------+---------+-------
        D:1 |      38 |      19 |  33.3 |      20 |      11 |  35.5
        D:2 |      68 |      85 |  55.6 |      20 |       8 |  28.6
        D:3 |      93 |     277 |  74.9 |      22 |      14 |  38.9
        D:4 |      22 |       0 |   0.0 |       5 |       0 |   0.0
            +---------+---------+-------+---------+---------+-------
